Cogmind - Beta 16.1 @@@ ROGUE MODE // 2026.04.27 @ 19:50:48 Player: JuustuToug Result: Destroyed by G-50 Soldier with Heavy Laser Performance ------------- Evolutions (4) 2000 Regions Visited (16) 3200 Robots Destroyed (320) 1600 Value Destroyed (11511) 11511 Prototype IDs (46) 920 Alien Tech Used (1) 200 Bonus (1376) 1376 TOTAL SCORE: 20807 Bonus ------- High Alert Combat Kills 1181 Follower Combat Kills 1247 Network Hubs Disabled 400 Met Imprinter 300 Built Enhanced Grunts 300 A7 Reached Mainframe 300 Met R17 at Cetus 500 Friendly Fire -2852 Cogmind --------- Core Integrity 0/850 Matter 293/300 Energy 333/350 System Corruption 14% Temperature Warm (195) Movement Walking (121) Location -6/Hub_04(d) Parts ------- > --- POWER (1) -------- Quantum Reactor > --- PROPULSION (6) --- Carbon-fiber Leg Carbon-fiber Leg Improved Titanium Leg Enhanced Flexi-carbon Leg Enhanced Flexi-carbon Leg Enhanced Flexi-carbon Leg (fused) > --- UTILITY (5) ------ Huge Storage Unit Improved Salvage Targeting Computer Centrium Medium Armor Plating Improved Hacking Suite Advanced Hacking Suite > --- WEAPON (4) ------- Advanced KE Penetrator Advanced KE Penetrator > --- INVENTORY (25) --- Quantum Reactor Centrium Heavy Treads Centrium Heavy Treads Centrium Heavy Treads Improved Cryofiber Web Advanced Cooling System Experimental Coolant Injector Advanced Energy Well (500) Matter Compressor (250) Enhanced Optical Array Advanced Signal Interpreter Seismic Detector Core Analyzer Transmission Jammer Centrium Medium Armor Plating Advanced Variable Charge Gun Advanced Variable Charge Gun Advanced Variable Charge Gun Improved Heavy Machine Gun Advanced KE Penetrator Long-range Missile Launcher Precision Rocket Launcher Peak State ------------ > --- POWER ------------ Quantum Reactor > --- PROPULSION ------- Improved Titanium Leg Improved Titanium Leg Flexi-carbon Leg Enhanced Flexi-carbon Leg Enhanced Flexi-carbon Leg Enhanced Flexi-carbon Leg > --- UTILITY ---------- Huge Storage Unit Improved Salvage Targeting Computer Transmission Jammer Centrium Medium Armor Plating Experimental Thermal Shield > --- WEAPON ----------- Advanced Variable Charge Gun Advanced KE Penetrator Advanced KE Penetrator Advanced KE Penetrator > --- INVENTORY -------- Quantum Reactor Centrium Heavy Treads Centrium Heavy Treads Centrium Heavy Treads Improved Cryofiber Web Improved Cooling System Experimental Coolant Injector Advanced Energy Well Matter Compressor Enhanced Optical Array Advanced Signal Interpreter Seismic Detector Core Analyzer Centrium Medium Armor Plating Advanced Hacking Suite Advanced Variable Charge Gun Advanced Variable Charge Gun Advanced Variable Charge Gun Advanced KE Penetrator Advanced KE Penetrator Long-range Missile Launcher Precision Rocket Launcher [Rating: 119] Favorites ----------- Power Reinforced Ion Engine Engine Reinforced Ion Engine Power Core Fission Core Reactor Quantum Reactor Propulsion Light Treads Treads Light Treads Leg Enhanced Flexi-carbon Leg Wheel Armored Huge Wheel Flight Unit Cooled Field Propulsion Drive Utility Seismic Detector Device Seismic Detector Storage Huge Storage Unit Processor Improved Salvage Targeting Computer Hackware Advanced Hacking Suite Protection Hardened Medium Armor Plating Weapon Advanced Beam Rifle Energy Gun Advanced Beam Rifle Energy Cannon Phase Cannon Ballistic Gun Improved Assault Rifle Ballistic Cannon Mini Assault Cannon Launcher Precision Rocket Launcher Impact Weapon Mace Slashing Weapon Great Axe Special Melee Weapon Improved Datajack Build | -11 -10 -10 -9 -9 -8 -8 -7 -7 -7 -7 -6 -6 -6 -6 -6 -6 ------- Run | Yrd Mat Min Mat Min Mat Sto Fac Low Low Zio Pro Fac Ext Cet Arc Hub Slots Evolved 8 | . . . 2 . 2 . 2 . . . . 2 . . . . Power . | . . . . . . . . . . . . . . . . . Propulsion 4 | . . . . . 1 . 1 . . . . 2 . . . . Utility 2 | . . . . . 1 . 1 . . . . . . . . . Weapon 2 | . . . 2 . . . . . . . . . . . . . Parts Attached 247 | 7 8 5 27 3 13 31 50 1 1 5 6 43 18 17 8 4 Power 24 | 1 2 1 3 1 . 2 5 . . . . 7 . 2 . . Engine 20 | 1 2 1 3 1 . 2 4 . . . . 6 . . . . Core 2 | . . . . . . . 1 . . . . 1 . . . . Reactor 2 | . . . . . . . . . . . . . . 2 . . Propulsion 78 | 2 . . 6 1 5 16 15 . . 1 3 14 6 5 2 2 Treads 39 | 2 . . 6 1 4 14 9 . . 1 1 . . 1 . . Leg 27 | . . . . . . . . . . . 1 12 6 4 2 2 Wheel 8 | . . . . . . 2 3 . . . 1 2 . . . . Hover . | . . . . . . . . . . . . . . . . . Flight 4 | . . . . . 1 . 3 . . . . . . . . . Utility 50 | 2 2 2 3 1 4 2 5 . . 2 1 11 5 3 5 2 Device 29 | 1 1 1 2 1 4 1 2 . . 1 1 5 3 2 4 . Storage 5 | 1 1 1 1 . . . . . . . . 1 . . . . Processor 3 | . . . . . . 1 1 . . . . . 1 . . . Hackware 3 | . . . . . . . 1 . . . . . . . 1 1 Protection 10 | . . . . . . . 1 . . 1 . 5 1 1 . 1 Artifact . | . . . . . . . . . . . . . . . . . Weapon 95 | 2 4 2 15 . 4 11 25 1 1 2 2 11 7 7 1 . Energy Gun 44 | 2 2 1 7 . 1 7 9 1 1 1 . 5 4 3 . . Energy Cannon 2 | . . . . . . 1 . . . . . 1 . . . . Ballistic Gun 34 | . . . 6 . 2 2 10 . . 1 2 3 3 4 1 . Ballistic Cannon 1 | . . . . . . . 1 . . . . . . . . . Launcher 4 | . 1 . 1 . . 1 1 . . . . . . . . . Special Weapon . | . . . . . . . . . . . . . . . . . Impact Weapon 4 | . 1 . . . . . 2 . . . . 1 . . . . Slashing Weapon 4 | . . . . . 1 . 2 . . . . 1 . . . . Piercing Weapon . | . . . . . . . . . . . . . . . . . Special Melee Weapon 2 | . . 1 1 . . . . . . . . . . . . . Unidentified Prototypes 35 | . . 1 1 1 1 5 9 1 . 1 . 9 . 5 1 . Corrupted Parts 3 | . . . . . . . . . . . . . . 2 . 1 System Corruption 25 | . . . . . . . . . . . . . . 15 . 10 Parts Lost 30 | . 1 . 1 . . 1 6 . . . . 12 . 3 1 5 Power 4 | . 1 . . . . . 1 . . . . 2 . . . . Propulsion 10 | . . . . . . 1 2 . . . . 3 . 1 1 2 Utility 3 | . . . . . . . 1 . . . . 2 . . . . Weapon 13 | . . . 1 . . . 2 . . . . 5 . 2 . 3 Highest Loss Streak 7 | . 1 . 1 . . 1 3 . . . . 7 . 2 1 4 To Critical Strikes 2 | . . . . . . . . . . . . . . 1 . 1 Average Backups 22 | 1 12 19 20 23 24 24 23 22 23 23 22 23 24 22 22 21 Power 1 | . . 1 1 . 1 1 1 1 1 1 1 . 1 1 1 1 Propulsion 4 | . 1 2 4 6 5 5 4 2 2 2 2 4 4 2 3 3 Utility 9 | . 5 7 8 8 9 9 8 9 10 10 9 11 11 10 11 11 Weapon 7 | . 4 6 5 6 8 7 8 8 9 9 9 7 7 8 7 6 Tool/Special . | . . . . . . . . . . . . . . . . . Unused Backups 80 | . 12 3 16 2 2 4 5 . . 2 2 10 1 6 . 15 Power 10 | . 1 . 1 . . . 2 . . . . 3 . 2 . 1 Propulsion 10 | . 3 . 4 . . . . . . . . 1 . . . 2 Utility 28 | . 4 1 4 2 2 1 1 . . 1 1 4 . 1 . 6 Weapon 32 | . 4 2 7 . . 3 2 . . 1 1 2 1 3 . 6 Tool/Special . | . . . . . . . . . . . . . . . . . Average Slot Usage (%) 97 | . 99 100 99 98 99 99 93 92 92 92 89 93 99 99 99 99 Engine 8 | . 14 14 11 11 9 9 6 7 7 7 7 5 4 . . . Treads 17 | . 27 28 22 22 26 26 17 14 14 14 9 4 . . . . Leg 6 | . . . . . . . . . . . . 21 37 36 36 36 Wheel 2 | . . . . . . . 5 7 7 7 9 5 . . . . Device 9 | . 14 14 11 10 17 9 8 6 7 7 7 6 6 10 12 5 Storage 8 | . 14 14 11 10 9 9 7 7 7 7 7 6 6 6 6 6 Processor 6 | . . . . . . 8 12 14 14 14 14 12 12 7 6 6 Protection 1 | . . . . . . . . 3 7 7 7 5 5 5 3 . Energy Gun 16 | . 16 20 21 22 18 17 15 14 14 14 14 14 11 7 6 5 Ballistic Gun 13 | . . . 21 22 17 16 11 12 14 14 13 6 12 16 17 17 Impact Weapon 1 | . 11 4 . . . . 1 . . . . . . . . . Peak Build Rating 119 | 7 11 19 24 29 31 37 64 55 53 63 62 96 91 116 119 112 Average Rating 44 | 5 9 12 19 21 26 32 48 50 53 57 58 76 83 97 111 108 On Entrance 46 | . 7 11 13 22 22 26 33 49 53 53 58 55 80 81 114 111 Avg Prop Armor Cover (%) 13 | . . . . . . . 15 13 12 11 11 10 . . 3 . Naked Turns . | . . . . . . . . . . . . . . . . . Heaviest Build 133 | 13 31 52 103 103 105 105 111 110 109 114 119 121 121 133 133 131 Greatest Support 144 | 40 40 40 40 40 60 62 80 28 28 28 56 134 133 136 144 139 Greatest Overweight (x) 8 | . . 1 2 2 2 8 3 3 3 4 4 6 . 1 1 . Average Overweight (x) 1 | . . . 1 1 1 1 2 3 3 3 3 . . . . . Largest Inventory Capacity 25 | 8 15 20 25 25 25 25 25 25 25 25 25 25 25 25 25 25 Average Capacity 23 | 6 13 19 20 24 25 25 25 25 25 25 25 25 25 25 25 25 Most Carried 25 | 4 15 20 25 25 25 25 25 25 25 25 25 25 25 25 25 25 Average Carried 22 | 1 12 19 20 23 24 24 24 24 25 24 24 24 24 24 24 24 Final Capacity 25 | 8 15 20 25 25 25 25 25 25 25 25 25 25 25 25 25 25 Final Carried 25 | 4 15 20 23 25 25 25 25 25 25 25 25 25 25 25 25 25 Class Distribution -------------------- 35% | Scavenger-Gunner 26% | Scavenger-Tank 12% | Scavenger-Skirmisher 12% | Mutant 6% | Gunner Dominant Class ---------------- Mutant | -10/Materials Mutant | -10/Mines Scavenger-Gunner | -9/Materials Scavenger-Gunner | -9/Mines Scavenger-Gunner | -8/Materials Scavenger-Gunner | -8/Storage Scavenger-Skirmisher | -7/Factory Scavenger-Tank | -7/Lower Caves Scavenger-Tank | -7/Lower Caves Scavenger-Tank | -7/Zion Scavenger-Tank | -6/Proximity Caves Scavenger-Tank | -6/Factory Scavenger-Tank | -6/Extension Scavenger-Tank | -6/Cetus Scavenger-Tank | -6/Archives Scavenger-Gunner | -6/Hub_04(d) Resources | -11 -10 -10 -9 -9 -8 -8 -7 -7 -7 -7 -6 -6 -6 -6 -6 -6 ----------- Run | Yrd Mat Min Mat Min Mat Sto Fac Low Low Zio Pro Fac Ext Cet Arc Hub Matter Collected 10730 | 270 300 213 1075 160 266 1307 1620 436 22 35 392 2123 1115 544 527 325 Remotely . | . . . . . . . . . . . . . . . . . Salvage Created 14662 | 148 697 104 2000 345 526 1652 2222 404 . . 237 2687 1953 448 618 621 Parts 704 | 12 35 9 109 10 28 82 93 13 . . 17 132 66 25 42 31 Haulers Intercepted 23 | . 2 . 6 . 2 6 1 . . . . 1 5 . . . Recyclers Shooed 6 | . . . 2 1 . 3 . . . . . . . . . . Parts Field Recycled . | . . . . . . . . . . . . . . . . . Retrieved Matter . | . . . . . . . . . . . . . . . . . Parts Self-Destructed 30 | . . . . . . . . 13 3 . 14 . . . . . Prevented 1 | . . . . . . . . . 1 . . . . . . . Parts Restored . | . . . . . . . . . . . . . . . . . Kills | -11 -10 -10 -9 -9 -8 -8 -7 -7 -7 -7 -6 -6 -6 -6 -6 -6 ------- Run | Yrd Mat Min Mat Min Mat Sto Fac Low Low Zio Pro Fac Ext Cet Arc Hub Combat Hostiles Destroyed 218 | . 14 4 38 3 9 21 33 10 . . 7 41 23 4 2 9 Melee 6 | . 5 . . . . . 1 . . . . . . . . . Guns 178 | . 3 . 38 3 9 21 30 4 . . 3 29 23 4 2 9 Cannons 3 | . . . . . . . . . . . . 3 . . . . AOE 29 | . 5 4 . . . . 2 6 . . 4 8 . . . . Classes Destroyed 19 | 2 6 . 3 . 1 1 4 . . . 1 1 . . . . Worker 15 | . 1 1 3 1 1 4 1 . . . . 3 . . . . Builder 12 | . . . 3 . . . 2 . . . . 6 1 . . . Tunneler 4 | 3 . 1 . . . . . . . . . . . . . . Hauler 23 | . 2 . 6 . 2 6 1 . . . . 1 5 . . . Recycler 11 | 1 3 . . 3 . . 2 . . . . 2 . . . . Carrier 1 | . . . . . . . . . . . . 1 . . . . Minesweeper 1 | . . . . . . . . . . . 1 . . . . . Mechanic 3 | . . . . . . . 2 . . . . . 1 . . . Operator 15 | . 1 . 2 . 1 1 1 . . . . . . . 9 . Watcher 15 | . 2 . 5 . 1 1 2 . . . . 1 1 1 . 1 Swarmer 34 | . 6 3 11 . 3 . . 3 . . 5 . 3 . . . Grunt 88 | . 8 1 17 2 3 9 12 4 . . . 16 11 . . 5 Brawler 5 | . . . 2 1 . . . . . . . . 2 . . . Duelist 7 | . . . . . . 1 1 2 . . . 2 1 . . . Protector 2 | . . . . . . . 1 . . . . 1 . . . . Sentry 40 | . . . 8 . 2 10 4 1 . . 1 4 6 . 2 2 Specialist 12 | . . . . . . . 3 . . . . 9 . . . . Hunter 12 | . . . . . 1 1 4 . . . 1 3 . . . 2 Programmer 14 | . . . . . . . 8 . . . . 6 . . . . Cetus Guard 4 | . . . . . . . . . . . . . . 4 . . Enhanced Grunt 1 | . . . . . . . . . . . . . . . 1 . Decomposer 1 | . . . . . . . . 1 . . . . . . . . Best Kill Streak 14 | 4 6 3 7 2 3 4 8 4 . . 4 14 8 2 6 3 Combat Bots Only 10 | . 3 3 6 2 3 3 7 4 . . 4 10 6 2 1 3 Max Kills in Single Turn 4 | 1 2 3 3 1 1 2 2 3 . . 3 4 2 1 2 1 Gunslinging 1 | . 1 . 1 . . 1 1 . . . . 1 1 . . . Exploded 3 | . 2 3 . . . . 2 3 . . 3 3 . . . . Melee 1 | . 1 . . . . . 1 . . . . . . . . . Uniques/NPCs Destroyed 1 | . . . . . . . . . . . . . . 1 . . A7 (-6/Cetus) Combat | -11 -10 -10 -9 -9 -8 -8 -7 -7 -7 -7 -6 -6 -6 -6 -6 -6 -------- Run | Yrd Mat Min Mat Min Mat Sto Fac Low Low Zio Pro Fac Ext Cet Arc Hub Hostile Shots Fired 1383 | . 61 9 106 . 36 90 276 40 . . 43 338 189 40 7 148 Missed 450 | . 17 3 22 . 5 30 87 15 . . 12 106 76 19 1 57 Hits 933 | . 44 6 84 . 31 60 189 25 . . 31 232 113 21 6 91 Melee 25 | . . . . . . . 1 4 . . . 18 2 . . . Projectile 908 | . 44 6 84 . 31 60 188 21 . . 31 214 111 21 6 91 Critical Strikes 23 | . . . 2 . . 1 3 1 . . . 6 2 2 . 6 Part Disruptions 3 | . . . . . . . 1 . . . . 2 . . . . Damage Taken 14813 | . 421 91 919 . 418 1014 3253 341 . . 288 4533 1217 525 187 1606 Core 1762 | . 118 23 160 . 61 143 332 29 . . 44 532 57 52 . 211 Absorbed by Shields 251 | . . . . . . . . . . . . . 186 65 . . Regen/Repaired (Parts) 276 | . 167 . 21 . . 13 . . . 75 . . . . . . Core Remaining (%) 61 | 100 . 43 . 60 . 62 . . . . 42 . . . . . Volleys Fired 540 | 5 11 6 83 7 22 56 78 12 . . 13 92 60 30 29 36 Largest 4 | 2 2 2 4 4 4 4 4 4 . . 4 4 4 4 4 4 Hottest 275 | 100 100 112 158 158 158 170 223 197 . . 203 275 204 240 185 240 Shots Fired 1900 | 10 17 8 317 28 88 218 306 33 . . 46 288 240 99 108 94 Gun 1846 | 10 13 5 312 28 88 218 303 28 . . 44 256 240 99 108 94 Cannon 23 | . . . . . . . . . . . . 23 . . . . Launcher 31 | . 4 3 5 . . . 3 5 . . 2 9 . . . . Special . | . . . . . . . . . . . . . . . . . Kinetic 930 | . . . 156 14 44 108 135 14 . . 22 105 120 67 84 61 Thermal 939 | 10 13 5 156 14 44 110 168 14 . . 22 174 120 32 24 33 Explosive 31 | . 4 3 5 . . . 3 5 . . 2 9 . . . . Electromagnetic . | . . . . . . . . . . . . . . . . . Robot Hit Streak 29 | 6 7 4 13 10 12 15 13 29 . . 15 16 18 7 6 7 Robot Miss Streak 14 | . 4 . 3 3 2 4 5 2 . . 5 7 14 2 4 3 Penetration Max 1 | . . . . . . . 1 . . . . 1 . 1 1 1 Secondary Targets 40 | . 2 . 8 1 . 5 7 1 . . . 6 9 1 . . Max Gunslinging Chain 1 | . 1 . 1 1 . 1 1 1 . . . 1 1 1 . . Shots Hit Robots 1158 | 6 25 5 174 16 53 127 191 22 . . 25 182 169 65 53 45 Core Hits 691 | 5 19 7 76 8 22 51 90 28 . . 20 144 141 28 27 25 Critical Kills 16 | . 1 . . . . . 2 . . . . 4 . 1 5 3 Critical Parts Destroyed 25 | . 1 . 2 . . . 6 . . . 1 7 . 1 4 3 Critical Strikes 91 | 1 2 . 9 1 2 7 19 . . . 2 21 7 4 10 6 Burn 49 | 1 . . 7 1 2 7 11 . . . 1 10 7 2 . . Destroy 36 | . . . 2 . . . 4 . . . 1 11 . 2 10 6 Smash 6 | . 2 . . . . . 4 . . . . . . . . . Melee Attacks 86 | . 34 2 . . 2 3 22 2 . . . 21 . . . . Impact 45 | . 34 1 . . . . 10 . . . . . . . . . Slashing 38 | . . . . . 2 2 12 1 . . . 21 . . . . Piercing . | . . . . . . . . . . . . . . . . . Sneak Attacks 14 | . 7 2 . . . 1 2 1 . . . 1 . . . . Combat Hostiles . | . . . . . . . . . . . . . . . . . Follow-up Attacks . | . . . . . . . . . . . . . . . . . Damage Inflicted 31046 | 75 1267 320 2707 262 915 2372 5024 1132 . . 820 7168 3802 1901 1667 1614 Guns 24095 | 75 86 45 2685 247 893 2276 4036 421 . . 558 3984 3802 1901 1667 1419 Cannons 273 | . . . . . . . . . . . . 273 . . . . Explosions 5031 | . 337 172 . . . 58 499 711 . . 262 2833 . . . 159 Melee 1484 | . 836 89 . . . . 482 . . . . 77 . . . . Ramming 163 | . 8 14 22 15 22 38 7 . . . . 1 . . . 36 Kinetic 11900 | . . . 1241 124 388 972 1765 135 . . 265 1900 1744 1298 1120 948 Thermal 13587 | 75 86 45 1444 123 505 1304 2271 379 . . 293 3383 2058 603 547 471 Explosive 3753 | . 337 172 . . . 58 499 618 . . 262 1807 . . . . Electromagnetic 159 | . . . . . . . . . . . . . . . . 159 Impact 1407 | . 836 89 . . . . 482 . . . . . . . . . Slashing 77 | . . . . . . . . . . . . 77 . . . . Piercing . | . . . . . . . . . . . . . . . . . Highest Corruption 17 | . . . . . . 1 7 7 7 7 . 4 2 17 17 14 Average Corruption 5 | . . . . . . 1 5 7 7 7 . 2 2 14 13 6 Corruption Purged 21 | . . . . . . . . . . . . 4 . . 17 . Corruption Blocked . | . . . . . . . . . . . . . . . . . Effects 215 | . . . . . . 9 83 23 8 5 . 22 19 24 20 2 Message Errors 45 | . . . . . . 1 15 9 4 2 . 4 3 5 2 . Matter Fused 62 | . . . . . . 1 27 5 2 . . 7 10 4 6 . Heat Flow Errors 28 | . . . . . . 4 10 3 . 1 . 3 . 4 2 1 Energy Discharges 31 | . . . . . . . 13 2 2 1 . 4 1 4 4 . Parts Rejected 4 | . . . . . . . 2 . . . . . . 1 . 1 Parts Fused 4 | . . . . . . . 1 . . . . . 1 . 2 . Data Loss (minor) 17 | . . . . . . 1 7 3 . 1 . 2 1 2 . . Data Loss (major) 9 | . . . . . . 1 5 1 . . . 1 1 . . . Misfires 6 | . . . . . . . 3 . . . . 1 1 . 1 . Alerts 2 | . . . . . . 1 . . . . . . . 1 . . Weapon Failures 7 | . . . . . . . . . . . . . 1 3 3 . Overload Shots 13 | . . . . . . . . . . . . . . 1 . 12 Effects 1 | . . . . . . . . . . . . . . . . 1 Heat Surge 1 | . . . . . . . . . . . . . . . . 1 Overflow Damage 1070 | . 276 69 . . . . 315 129 . . . 281 . . . . Projectiles . | . . . . . . . . . . . . . . . . . Explosions 389 | . 26 . . . . . . 129 . . . 234 . . . . Melee 681 | . 250 69 . . . . 315 . . . . 47 . . . . Knockbacks 7 | . 4 1 . . . 1 1 . . . . . . . . . Impact 7 | . 4 1 . . . 1 1 . . . . . . . . . Kinetic . | . . . . . . . . . . . . . . . . . Secondary . | . . . . . . . . . . . . . . . . . Self-Inflicted Damage 388 | . . . . . . 53 36 1 . . . 193 . . . 105 Shots 7 | . . . . . . 1 1 1 . . . 3 . . . 1 Rammed 9 | . 1 2 3 . . 2 1 . . . . . . . . . Targets Rammed 18 | . 1 2 4 2 1 3 1 . . . . 1 1 . . 2 Kicked 4 | . . . . . . . . . . . . 1 1 . . 2 Crushed 5 | . . . 1 2 1 1 . . . . . . . . . . Highest Temperature 390 | 156 39 120 377 278 135 390 313 211 . 199 301 243 307 203 346 368 Average Temperature 82 | 67 15 49 93 94 45 79 59 61 . 100 122 89 79 77 83 102 Received Heat Transfer 2936 | . 111 27 261 . 126 423 507 72 . . 66 660 314 9 27 333 Effects 7 | . . . 2 . . . . . . . . . 1 . 1 3 Energy Bleed 2 | . . . 1 . . . . . . . . . 1 . . . Interference 3 | . . . . . . . . . . . . . . . . 3 Short Circuit 2 | . . . 1 . . . . . . . . . . . 1 . Siege Activations . | . . . . . . . . . . . . . . . . . Martial Activations . | . . . . . . . . . . . . . . . . . Shielding Activations . | . . . . . . . . . . . . . . . . . Robots Disrupted . | . . . . . . . . . . . . . . . . . Combat Hostiles . | . . . . . . . . . . . . . . . . . Robots Corrupted 7 | . 4 1 . . . . 2 . . . . . . . . . Combat Hostiles 1 | . 1 . . . . . . . . . . . . . . . Parts Fried 13 | . 9 2 . . . . 2 . . . . . . . . . Impact Corruptions 22 | . 9 3 . . . . 10 . . . . . . . . . Robots Melted 1 | . . . . . . . . . . . . 1 . . . . Combat Hostiles 1 | . . . . . . . . . . . . 1 . . . . Parts Melted 63 | . . . 7 1 4 11 11 . . . 2 12 13 . 2 . Heat Transferred 27483 | 296 259 111 4070 370 1258 3145 4836 677 . . 592 5329 4396 886 703 555 Parts Sabotaged . | . . . . . . . . . . . . . . . . . Parts Stolen . | . . . . . . . . . . . . . . . . . Parts Stripped . | . . . . . . . . . . . . . . . . . Power Chain Reactions . | . . . . . . . . . . . . . . . . . Alert | -11 -10 -10 -9 -9 -8 -8 -7 -7 -7 -7 -6 -6 -6 -6 -6 -6 ------- Run | Yrd Mat Min Mat Min Mat Sto Fac Low Low Zio Pro Fac Ext Cet Arc Hub Maximum Alert Level 4 | . 1 . 2 1 . . 2 . . . . 3 4 3 1 2 Low Security (%) 60 | 100 94 100 20 91 100 100 75 . . . . 34 . . 15 52 Level 1 14 | . 5 . 46 8 . . 8 . . . . 3 . . 84 41 Level 2 22 | . . . 32 . . . 16 . . . . 48 88 94 . 5 Level 3 1 | . . . . . . . . . . . . 12 6 5 . . Level 4 . | . . . . . . . . . . . . . 4 . . . Level 5 . | . . . . . . . . . . . . . . . . . High Security . | . . . . . . . . . . . . . . . . . Max Security . | . . . . . . . . . . . . . . . . . Peak Influence 1215 | 10 219 79 637 241 81 109 535 . . . . 945 1215 716 350 506 Initial 675 | . . 64 17 241 . . 28 . . . . . 462 675 244 54 Average 221 | 2 105 14 336 56 25 27 176 . . . . 428 580 638 265 176 Influence Increases 9103 | 20 520 168 1311 239 303 721 1104 205 . . 222 1498 1403 321 292 776 Destroy 0b10 Robot/C 4940 | . 280 100 760 160 180 420 640 200 . . 160 820 700 160 80 280 Destroy 0b10 Robot/NC 540 | 20 45 10 95 20 25 60 60 5 . . 5 70 55 10 45 15 Destroy Leader 1078 | . 58 20 222 30 56 144 176 . . . 20 194 86 . . 72 Allied During Kill 789 | . . 3 . 14 3 . . . . . 7 . 469 127 118 48 Trap Triggered on 0b10 50 | . . . . . . . 40 . . . . 10 . . . . Successful Hack 201 | . 24 . 68 . 5 36 18 . . . . 12 14 . . 24 Select Force Hacks 140 | . 30 . 60 . . . . . . . . . . . . 50 Disable Machine 525 | . 30 15 30 . 15 45 75 . . . . 165 15 15 30 90 Destroy Structure 435 | . 23 20 31 . 4 16 50 . . . . 137 4 9 19 122 Lose Combat Pursuer 405 | . 30 . 45 15 15 . 45 . . . 30 90 60 . . 75 Influence Decreases 8597 | 20 353 289 736 860 303 657 635 572 166 . 222 553 1141 916 748 426 Entered New Map 2263 | . . 103 29 380 . . 36 198 32 . . . 483 532 368 102 Time Decay 5508 | 20 343 186 697 443 283 518 539 374 134 . 182 433 538 294 310 214 Lost Part 300 | . 10 . 10 . . 10 60 . . . . 120 . 30 10 50 Lost Ally 397 | . . . . 37 20 . . . . . 40 . 120 60 60 60 Purge Threat 129 | . . . . . . 129 . . . . . . . . . . Squads Dispatched 47 | . 4 . 7 . 2 . 10 . . . . 16 3 . . 5 Investigation 11 | . 2 . 3 . 1 . 2 . . . . . . . . 3 Extermination 11 | . . . . . . . 7 . . . . 4 . . . . Reinforcement 20 | . 2 . 4 . 1 . 1 . . . . 8 2 . . 2 Assault 5 | . . . . . . . . . . . . 4 1 . . . Garrison . | . . . . . . . . . . . . . . . . . Intercept . | . . . . . . . . . . . . . . . . . Searches Triggered . | . . . . . . . . . . . . . . . . . Construction Impeded 8 | . . . 2 . . . . . . . . 3 2 . . 1 Haulers Reinforced . | . . . . . . . . . . . . . . . . . Active Scanning Responses . | . . . . . . . . . . . . . . . . . Cargo Convoy Interrupts 2 | . . . . . . . 1 . . . . 1 . . . . Stealth | -11 -10 -10 -9 -9 -8 -8 -7 -7 -7 -7 -6 -6 -6 -6 -6 -6 --------- Run | Yrd Mat Min Mat Min Mat Sto Fac Low Low Zio Pro Fac Ext Cet Arc Hub Distress Signals 24 | . 2 . 6 . . 3 3 . . . . 2 3 2 1 2 Communications Jammed . | . . . . . . . . . . . . . . . . . Distress Signals . | . . . . . . . . . . . . . . . . . Times Spotted 337 | . 19 5 53 8 12 25 47 10 . . 7 61 44 11 12 23 Peak Tracking Total 16 | . 5 3 6 3 3 4 11 4 . . 3 6 8 5 2 16 Tactical Retreats 18 | . 1 . 3 1 1 . 3 . . . 2 4 2 . . 1 Traps | -11 -10 -10 -9 -9 -8 -8 -7 -7 -7 -7 -6 -6 -6 -6 -6 -6 ------- Run | Yrd Mat Min Mat Min Mat Sto Fac Low Low Zio Pro Fac Ext Cet Arc Hub Traps Triggered 22 | . 1 1 3 . . 6 9 . . . . . 1 . . 1 Indirectly . | . . . . . . . . . . . . . . . . . Trap Hack Attempts 86 | . . . 15 . . 55 16 . . . . . . . . . Triggered 2 | . . . 1 . . . 1 . . . . . . . . . Disarmed 2 | . . . . . . 2 . . . . . . . . . . Reprogrammed 13 | . . . 3 . . 8 2 . . . . . . . . . Reused 5 | . . . . . . . 4 . . . . 1 . . . . Traps Extracted 15 | . . . 3 . . 8 3 . . . . 1 . . . . Installed 11 | . . . . . . . 5 . . . . 6 . . . . Triggered 5 | . . . . . . . 4 . . . . 1 . . . . Most Traps Carried 6 | . . . 3 3 3 5 4 2 2 2 6 6 1 1 . . Machines | -11 -10 -10 -9 -9 -8 -8 -7 -7 -7 -7 -6 -6 -6 -6 -6 -6 ---------- Run | Yrd Mat Min Mat Min Mat Sto Fac Low Low Zio Pro Fac Ext Cet Arc Hub Machines Disabled 37 | . 2 1 2 . 1 3 5 2 . . . 11 1 1 2 6 Max in Single Turn 5 | . 1 1 1 . 1 1 1 2 . . . 5 1 1 1 3 Garrison Access 2 | . . . . . . . 1 . . . . 1 . . . . Network Hub 2 | . . . . . . . . . . . . . . . . 2 Energy Cycler 1 | . . . . . . . . . . . . . 1 . . . Machines Repaired . | . . . . . . . . . . . . . . . . . Machines Dismantled . | . . . . . . . . . . . . . . . . . Machines Sabotaged 1 | . . . . . . . . . . . . . . . . 1 Overloaded Fab Kills . | . . . . . . . . . . . . . . . . . Hacking | -11 -10 -10 -9 -9 -8 -8 -7 -7 -7 -7 -6 -6 -6 -6 -6 -6 --------- Run | Yrd Mat Min Mat Min Mat Sto Fac Low Low Zio Pro Fac Ext Cet Arc Hub Machines Accessed 61 | . 7 1 15 1 5 10 9 1 . . . 3 2 1 1 5 Terminals 40 | . 5 . 10 . 4 8 5 1 . . . . 1 1 . 5 Fabricators 2 | . . . . . . . 1 . . . . 1 . . . . Repair Stations 5 | . 1 . 1 . . 1 1 . . . . . 1 . . . Recycling Units 4 | . 1 . 2 . . 1 . . . . . . . . . . Scanalyzers 5 | . . . 2 . 1 . . . . . . 2 . . . . Garrison Access 2 | . . . . . . . 2 . . . . . . . . . Total Hacks 181 | . 22 1 47 1 10 29 22 3 . . . 5 4 1 25 11 Successful 107 | . 13 1 26 1 5 15 7 3 . . . 3 2 . 25 6 Failed 73 | . 9 . 21 . 5 14 15 . . . . 1 2 1 . 5 Catastrophic 10 | . . . 2 . 1 2 3 . . . . . 1 1 . . Database Lockouts 1 | . . . . . . . . . . . . 1 . . . . Manual 79 | . 13 . 28 . 5 13 10 . . . . . 1 1 . 8 Terminals 114 | . 17 . 34 . 7 25 14 3 . . . . 2 1 . 11 Fabricators 3 | . . . . . . . 1 . . . . 2 . . . . Repair Stations 13 | . 4 . 2 . . 2 3 . . . . . 2 . . . Recycling Units 5 | . 1 . 2 . . 2 . . . . . . . . . . Scanalyzers 15 | . . . 9 . 3 . . . . . . 3 . . . . Garrison Access 4 | . . . . . . . 4 . . . . . . . . . Terminal Hacks 56 | . 2 1 9 1 . 10 2 3 . . . . 1 . 25 2 Record 28 | . . . . . . . . 3 . . . . . . 25 . Robot Analysis 2 | . . . 1 . . 1 . . . . . . . . . . Prototype ID Bank 9 | . 1 . 4 . . 3 . . . . . . 1 . . . Open Door 4 | . . 1 . 1 . 2 . . . . . . . . . . Level Access Points 1 | . . . . . . . . . . . . . . . . 1 Branch Access Points 2 | . . . 1 . . . 1 . . . . . . . . . Terminal Index 1 | . 1 . . . . . . . . . . . . . . . Alert Level 2 | . . . . . . 1 1 . . . . . . . . . Unreport Threat 2 | . . . . . . 2 . . . . . . . . . . Recall Reinforcements 1 | . . . 1 . . . . . . . . . . . . . Registered Components 2 | . . . 1 . . 1 . . . . . . . . . . Zone Layout 2 | . . . 1 . . . . . . . . . . . . 1 Fabricator Hacks 1 | . . . . . . . . . . . . 1 . . . . Build 1 | . . . . . . . . . . . . 1 . . . . Repair Station Hacks 10 | . 4 . 2 . . 2 1 . . . . . 1 . . . Scan Component 6 | . 2 . 1 . . 1 1 . . . . . 1 . . . Repair 4 | . 2 . 1 . . 1 . . . . . . . . . . Recycling Unit Hacks 1 | . . . . . . 1 . . . . . . . . . . Retrieve Components 1 | . . . . . . 1 . . . . . . . . . . Scanalyzer 10 | . . . 5 . 3 . . . . . . 2 . . . . Insert Component 4 | . . . 3 . 1 . . . . . . . . . . . Analyze 4 | . . . 2 . 2 . . . . . . . . . . . Retrieve Study 2 | . . . . . . . . . . . . 2 . . . . Garrison Access Hacks 1 | . . . . . . . 1 . . . . . . . . . Seal Access 1 | . . . . . . . 1 . . . . . . . . . Unauthorized Hacks 28 | . 7 . 10 . 2 2 3 . . . . . . . . 4 Terminals 25 | . 6 . 8 . 2 2 3 . . . . . . . . 4 Assimilate 1 | . . . . . . . 1 . . . . . . . . . Botnet 11 | . 2 . 2 . 2 2 1 . . . . . . . . 2 Operators 3 | . 1 . 1 . . . 1 . . . . . . . . . Skim 8 | . 3 . 5 . . . . . . . . . . . . . Sabotage 2 | . . . . . . . . . . . . . . . . 2 Fabricators . | . . . . . . . . . . . . . . . . . Repair Stations . | . . . . . . . . . . . . . . . . . Recycling Units 3 | . 1 . 2 . . . . . . . . . . . . . Tunnel 3 | . 1 . 2 . . . . . . . . . . . . . Scanalyzers . | . . . . . . . . . . . . . . . . . Garrison Access . | . . . . . . . . . . . . . . . . . Data Cores Recovered 1 | . . . . . . 1 . . . . . . . . . . Used 1 | . . . . . . 1 . . . . . . . . . . Hacking Detections 49 | . 5 . 13 . 5 8 9 1 . . . 2 2 1 . 3 Full Trace Events 4 | . . . 1 . 1 . . 1 . . . . . . . 1 Feedback Events . | . . . . . . . . . . . . . . . . . Feedback Blocked . | . . . . . . . . . . . . . . . . . Robot Schematics Acquired . | . . . . . . . . . . . . . . . . . Robots Built . | . . . . . . . . . . . . . . . . . Authchips . | . . . . . . . . . . . . . . . . . Time . | . . . . . . . . . . . . . . . . . Total Robot Build Rating . | . . . . . . . . . . . . . . . . . Part Schematics Acquired 1 | . . . . . 1 . . . . . . . . . . . Parts Built 2 | . . . . . . . . . . . . 2 . . . . Authchips . | . . . . . . . . . . . . . . . . . Time 47 | . . . . . . . . . . . . 47 . . . . Total Part Build Rating 10 | . . . . . . . . . . . . 10 . . . . Part Studies Acquired 2 | . . . . . . . . . . . . 2 . . . . Parts Repaired 4 | . 2 . 1 . . 1 . . . . . . . . . . Time 214 | . 52 . 136 . . 26 . . . . . . . . . . Parts Recycled . | . . . . . . . . . . . . . . . . . Recycled Matter . | . . . . . . . . . . . . . . . . . Retrieved Matter . | . . . . . . . . . . . . . . . . . Retrieved Components 9 | . . . . . . 9 . . . . . . . . . . Parts Scanalyzed 1 | . . . 1 . . . . . . . . . . . . . Part Schematics Acquired 1 | . . . . . 1 . . . . . . . . . . . Parts Damaged 2 | . . . 2 . . . . . . . . . . . . . Bothacking | -11 -10 -10 -9 -9 -8 -8 -7 -7 -7 -7 -6 -6 -6 -6 -6 -6 ------------ Run | Yrd Mat Min Mat Min Mat Sto Fac Low Low Zio Pro Fac Ext Cet Arc Hub Used RIF Installer . | . . . . . . . . . . . . . . . . . Robots Hacked 2 | . . . . . . 1 . 1 . . . . . . . . Non-combat 2 | . . . . . . 1 . 1 . . . . . . . . Combat . | . . . . . . . . . . . . . . . . . Robot Hacks Applied 2 | . . . . . . 1 . 1 . . . . . . . . parse_system 2 | . . . . . . 1 . 1 . . . . . . . . Relay Couplers Released 2 | . . . . . . . 1 . . . . 1 . . . . Machine Destruction 1 | . . . . . . . . . . . . 1 . . . . Programmers 1 | . . . . . . . 1 . . . . . . . . . Fabnet Peak Effective % . | . . . . . . . . . . . . . . . . . Robots Rewired 11 | . . . . . . . . . . . . . 11 . . . Allies Hacked . | . . . . . . . . . . . . . . . . . Hacks Repelled . | . . . . . . . . . . . . . . . . . Allies | -11 -10 -10 -9 -9 -8 -8 -7 -7 -7 -7 -6 -6 -6 -6 -6 -6 -------- Run | Yrd Mat Min Mat Min Mat Sto Fac Low Low Zio Pro Fac Ext Cet Arc Hub Total Allies 29 | . . 1 . 3 . . . . . 2 . . 18 5 . . Largest Group 10 | . . 1 . 3 1 . . . . 2 2 . 10 10 8 4 Highest-Rated Group 740 | . . 31 . 40 8 . . . . 62 62 . 395 740 481 319 Highest-Rated Ally 159 | . . 31 . 16 8 . . . . 31 31 . 159 153 96 96 Total Orders 20 | . . . . 1 . . . . . . . 9 8 . 2 . STAY 2 | . . . . . . . . . . . . . 1 . 1 . FOLLOW 3 | . . . . . . . . . . . . . 2 . 1 . EXPLORE 2 | . . . . 1 . . . . . . . 1 . . . . RETURN 13 | . . . . . . . . . . . . 8 5 . . . Ally Attacks 259 | . . 3 . 38 3 . . . . . 13 . 93 60 28 21 Total Damage 5827 | . . 42 . 382 11 . . . . . 147 . 2452 1306 711 776 Kills 37 | . . 1 . 5 . . . . . . 1 . 16 5 2 7 Allies Corrupted 1 | . . . . . . . . . . . . . . . . 1 Allies Melted 1 | . . . . . . . . . . . . . 1 . . . Intel | -11 -10 -10 -9 -9 -8 -8 -7 -7 -7 -7 -6 -6 -6 -6 -6 -6 ------- Run | Yrd Mat Min Mat Min Mat Sto Fac Low Low Zio Pro Fac Ext Cet Arc Hub Active Infowar (turns) 23011 | 47 1116 1810 3206 1929 902 2042 3326 876 397 1253 603 2324 1529 643 688 320 Terrain 730 | . . . . . 76 86 568 . . . . . . . . . Seismic 18848 | 47 1116 1810 3206 1929 902 2041 2604 676 397 845 494 1542 794 . 125 320 T.N.C. 9637 | . . . . . . . 2497 876 397 1253 603 2324 1529 158 . . Cloaking 2 | . . . . . . . . . . . 2 . . . . . Jamming 1129 | . . . . . . . . . . . . . 81 485 563 . Robot Analysis Total 2 | . . . 1 . . 1 . . . . . . . . . . Derelict Logs Recovered 9 | . . 2 . 1 . . . 2 1 2 1 . . . . . Drone Launches 15 | . . . . 1 . . . . . . . 8 6 . . . Drone Recoveries 13 | . . . . . . . . . . . . 8 5 . . . Exploration | -11 -10 -10 -9 -9 -8 -8 -7 -7 -7 -7 -6 -6 -6 -6 -6 -6 ------------- Run | Yrd Mat Min Mat Min Mat Sto Fac Low Low Zio Pro Fac Ext Cet Arc Hub Turns Passed 24921 | 116 1141 1815 3910 2109 930 2804 3326 876 397 1253 603 2324 1529 644 690 454 Spaces Moved 10680 | 56 560 635 1062 643 306 958 1653 545 272 823 328 1335 800 234 234 236 Core 2 | 2 . . . . . . . . . . . . . . . . Treads 4427 | 54 560 635 1062 643 306 957 210 . . . . . . . . . Legs 2269 | . . . . . . . . . . . . 765 800 234 234 236 Wheels 3982 | . . . . . . 1 1443 545 272 823 328 570 . . . . Hover . | . . . . . . . . . . . . . . . . . Flight . | . . . . . . . . . . . . . . . . . Fastest Speed 50 | 50 160 160 240 160 240 210 145 145 145 145 130 112 114 115 118 121 Average Speed 180 | 156 160 238 254 313 240 238 157 145 145 147 149 125 116 148 134 122 Slowest Speed 480 | 160 160 240 320 320 320 480 325 145 145 160 160 190 120 187 194 124 Overloaded Moves . | . . . . . . . . . . . . . . . . . Propulsion Burnouts . | . . . . . . . . . . . . . . . . . Robots Hopped . | . . . . . . . . . . . . . . . . . Potential Cave-ins . | . . . . . . . . . . . . . . . . . Cave-ins Triggered . | . . . . . . . . . . . . . . . . . Exploration Rate (%) 63 | 3 77 97 97 97 31 94 43 61 51 84 50 37 81 64 84 33 Regions Visited 16 Branch Regions 11 Pre-discovered Areas 9 | . 1 1 4 1 . . . . . 2 . . . . . . Known Exits Taken 5 | . . . 1 1 1 1 1 . . . . . . . . . Unknown Exits Taken 11 | 1 1 1 . . . . . 1 1 1 1 1 1 1 1 . Scrap Searched 12 | . . 2 . 2 . . . 1 1 4 2 . . . . . Spaces Dug 136 | . 15 . 39 . 1 2 30 14 . . . 27 . . . 8 Terrain Destroyed 640 | . 24 21 39 . 1 14 61 43 . . 38 158 2 11 30 198 Melee 46 | . 6 . . . 1 2 16 1 . . . 20 . . . . Projectile 132 | . . . . . . . 11 . . . . 33 2 11 30 45 AOE 462 | . 18 21 39 . . 12 34 42 . . 38 105 . . . 153 Terrain Rammed . | . . . . . . . . . . . . . . . . . Walls Destroyed . | . . . . . . . . . . . . . . . . . Machines Disabled . | . . . . . . . . . . . . . . . . . Actions | -11 -10 -10 -9 -9 -8 -8 -7 -7 -7 -7 -6 -6 -6 -6 -6 -6 --------- Run | Yrd Mat Min Mat Min Mat Sto Fac Low Low Zio Pro Fac Ext Cet Arc Hub Total 14928 | 71 737 923 2079 720 443 1325 2145 599 275 864 409 1747 1247 479 534 331 Wait 2330 | . 72 252 783 27 71 122 185 19 2 23 27 100 219 135 250 43 Move 10664 | 55 559 634 1061 642 305 957 1652 544 271 822 327 1334 799 233 233 236 Hop . | . . . . . . . . . . . . . . . . . Pick Up 213 | 4 26 9 34 27 9 9 27 2 . 4 4 31 9 15 1 2 Fast Attach 126 | 7 2 2 . 2 2 20 20 5 . 1 8 28 4 12 10 3 Attach 41 | . 1 . 6 1 2 2 9 1 . . 1 12 1 4 . 1 Detach 12 | . . 1 . . . 1 4 . . . . 3 . 2 1 . Swap 389 | . 13 8 49 4 16 63 68 10 1 5 15 71 43 13 3 7 Drop 315 | . 18 7 44 8 13 34 49 4 1 9 14 48 23 35 7 1 Fire 540 | 5 11 6 83 7 22 56 78 12 . . 13 92 60 30 29 36 Melee 86 | . 34 2 . . 2 3 22 2 . . . 21 . . . . Ram . | . . . . . . . . . . . . . . . . . Kick 4 | . . . . . . . . . . . . 1 1 . . 2 Crush 14 | . 1 2 4 2 1 3 1 . . . . . . . . . Escape Stasis 14 | . . . . . . . 9 . . . . . 5 . . . Rewire 83 | . . . . . . . . . . . . . 83 . . . Trap 97 | . . . 15 . . 55 21 . . . . 6 . . . . Miscellaneous . | . . . . . . . . . . . . . . . . . Route ------- -11/Scrapyard -10/Materials (discovered 3 exits: *Mat x2 / *Min) -10/Mines (discovered 2 exits: *Mat x2) -9/Materials (discovered 4 exits: *Mat x3 / *Min) -9/Mines (discovered 4 exits: *Mat x2 / [*Exi] / [*Zio]) -8/Materials (discovered 5 exits: *Fac x3 / *Sto x2) -8/Storage (discovered 2 exits: *Fac / *Rec) -7/Factory (discovered 2 exits: *Low x2) -7/Lower Caves -7/Lower Caves (discovered 2 exits: *Fac / [*Zio]) -7/Zion -6/Proximity Caves -6/Factory (discovered 5 exits: *Fac x4 / *Ext) -6/Extension (discovered 2 exits: *Fac / *Cet) -6/Cetus (discovered 2 exits: *Fac / *Arc) -6/Archives (discovered 3 exits: *Fac / *Hub x2) -6/Hub_04(d) (discovered 4 exits: *Fac x4) History --------- Turn | Location | Event 7 | -11/Scrapyard | Discovered new exit (range 15) 117 | -11/Scrapyard | Entered Materials 302 | -10/Materials | Discovered new exit (range 6) 306 | -10/Materials | Build established: Mutant 939 | -10/Materials | Discovered new exit (range 15) 1020 | -10/Materials | Discovered new exit (range 13) 1184 | -10/Materials | Repaired Lgt. Treads 1212 | -10/Materials | Repaired Lgt. Treads 1258 | -10/Materials | Entered Mines 1576 | -10/Mines | Joined a pair of Derelicts in attacking an 0b10 outpost 1674 | -10/Mines | Found a damaged Exp. Sensor Array with a note attached 1679 | -10/Mines | Found Prototype Device 1679 | -10/Mines | Identified Exp. Sensor Array 1739 | -10/Mines | Discovered new exit (range 10) 1741 | -10/Mines | Learned Materials terminal intel 1742 | -10/Mines | Received a Mining Laser from a helpful Derelict 1812 | -10/Mines | Discovered new exit (range 10) 2084 | -10/Mines | Met a Derelict who couldn't figure out how to use a Trap Extractor 2111 | -10/Mines | Core integrity fell below 50% 2408 | -10/Mines | Learned location of Zion (-7) 2569 | -10/Mines | Found a Scrap Suit stashed away for nefarious purposes 3073 | -10/Mines | Entered Materials 3073 | -9/Materials | Evolved 2 slots: Weapon x2 3074 | -9/Materials | Loaded intel: 12 terminal locations 3552 | -9/Materials | Discovered new exit (range 13) 3798 | -9/Materials | Build established: Scavenger-Gunner 4125 | -9/Materials | Repaired Faulty Exp. Sensor Array 4245 | -9/Materials | Discovered new exit (range 16) 4747 | -9/Materials | Discovered new exit (range 16) 4945 | -9/Materials | Learned 8 Materials zone layouts 4975 | -9/Materials | Learned 2 Storage zone layouts 4995 | -9/Materials | Learned location of Mines (-9) 5025 | -9/Materials | Identified exit to Materials 5025 | -9/Materials | Learned location of 2 exits from Materials 5113 | -9/Materials | Learned location of Mines (-8) 6204 | -9/Materials | Identified exit to Mines 6983 | -9/Materials | Entered Mines 7150 | -9/Mines | Found the Drone Emporium 7231 | -9/Mines | Found Prototype Device 7231 | -9/Mines | Identified Bomb Drone Bay 7643 | -9/Mines | Deemed a non-threat by the Exiles lab entrance 7643 | -9/Mines | Discovered new exit (range 5) 7982 | -9/Mines | Assisted by bots powering up and referring to "LRC-V3" 8160 | -9/Mines | Discovered exit to Materials (range 12) 8272 | -9/Mines | Discovered exit to Materials (range 7) 8273 | -9/Mines | Learned location of Storage (-8) 8749 | -9/Mines | Learned 4 Materials zone layouts 8795 | -9/Mines | A Derelict revealed a hidden shortcut to a safe place 9092 | -9/Mines | Entered Materials 9092 | -8/Materials | Accompanied by 1 ally 9092 | -8/Materials | Evolved 2 slots: Propulsion x1, Utility x1 9093 | -8/Materials | Identified exit to Storage 9094 | -8/Materials | Identified exit to Factory 9718 | -8/Materials | Discovered exit to Storage (range 10) 10022 | -8/Materials | Entered Storage 10023 | -8/Storage | Identified exit to Recycling 11038 | -8/Storage | Discovered exit to Factory (range 5) 11250 | -8/Storage | Repaired Seismic Detector 11761 | -8/Storage | Build established: Gunner 12059 | -8/Storage | Used back door to open Recycling access 12516 | -8/Storage | Build established: Scavenger-Gunner 12826 | -8/Storage | Entered Factory 12826 | -7/Factory | Evolved 2 slots: Propulsion x1, Utility x1 13140 | -7/Factory | Build established: Scavenger-Skirmisher 13398 | -7/Factory | Discovered new exit (range 9) 13887 | -7/Factory | Cargo convoy interrupted 14917 | -7/Factory | Identified exit to Lower Caves 15565 | -7/Factory | Destroyed 7 combat bots 15596 | -7/Factory | Lost 3 parts (1p1n1w) 16152 | -7/Factory | Entered Lower Caves 16247 | -7/Lower Caves | Attracted the attention of an 0b10 base 16286 | -7/Lower Caves | Learned 6 Upper Caves zone layouts 16286 | -7/Lower Caves | Learned Factory trap positions 16298 | -7/Lower Caves | Learned Factory emergency access door positions 16417 | -7/Lower Caves | Learned Factory security intel 16565 | -7/Lower Caves | Found Alien Artifact 16565 | -7/Lower Caves | Identified Core Expander 16565 | -7/Lower Caves | Installed Core Expander, added new Utility slot 16678 | -7/Lower Caves | Attracted the attention of an 0b10 checkpoint 16678 | -7/Lower Caves | Core integrity fell below 50% 16708 | -7/Lower Caves | Learned 8 Factory zone layouts 16846 | -7/Lower Caves | Build established: Scavenger-Tank 17015 | -7/Lower Caves | Discovered new exit (range 10) 17028 | -7/Lower Caves | Entered another Lower Caves area 17212 | -7/Lower Caves | Discovered new exit (range 8) 17280 | -7/Lower Caves | Learned Factory security intel 17385 | -7/Lower Caves | Encountered a Warlord checkpoint 17390 | -7/Lower Caves | Discovered new exit (range 9) 17425 | -7/Lower Caves | Entered Zion 17517 | -7/Zion | System corruption cleaned by Quarantine Array 17605 | -7/Zion | Discovered new exit (range 15) 17791 | -7/Zion | Learned 4 Factory zone layouts 17829 | -7/Zion | Learned location of Armory (-3) 17835 | -7/Zion | Learned Factory trap positions 17840 | -7/Zion | Given the Hacking Drone Bay 17841 | -7/Zion | Found Prototype Device 17841 | -7/Zion | Identified Hacking Drone Bay 18001 | -7/Zion | Met Imprinter 18074 | -7/Zion | Received a hallucinogenic algorithm 18176 | -7/Zion | Given A8's code to call for help 18481 | -7/Zion | Gained Derelict followers 18678 | -7/Zion | Entered Proximity Caves 18678 | -6/Proximity Caves | Accompanied by 2 allies 18912 | -6/Proximity Caves | Learned Factory trap positions 19114 | -6/Proximity Caves | Attracted the attention of an 0b10 checkpoint 19200 | -6/Proximity Caves | Discovered new exit (range 14) 19281 | -6/Proximity Caves | Entered Factory 19281 | -6/Factory | Evolved 2 slots: Propulsion x2 19283 | -6/Factory | Loaded intel: 109 trap records 19492 | -6/Factory | Identified exit to Factory 19707 | -6/Factory | Fabricated Adv. Signal Interpreter? 20045 | -6/Factory | Cargo convoy interrupted 20117 | -6/Factory | Destroyed 7 combat bots 20253 | -6/Factory | Destroyed 10 combat bots 20256 | -6/Factory | Lost 7 parts (2p2u3w) 20334 | -6/Factory | Build established: Tank 20480 | -6/Factory | Destroyed 8 combat bots 20753 | -6/Factory | Build established: Scavenger-Tank 20896 | -6/Factory | Core integrity fell below 50% 21329 | -6/Factory | Central database locked down 21381 | -6/Factory | First assault squad dispatched 21599 | -6/Factory | Discovered new exit (range 4) 21605 | -6/Factory | Entered Extension 21653 | -6/Extension | Found Unknown Protection 21653 | -6/Extension | Identified Powered Armor 21955 | -6/Extension | First assault squad dispatched 22070 | -6/Extension | Rescued a captive Derelict 22173 | -6/Extension | Rescued a captive Derelict 22196 | -6/Extension | Rescued A7 22270 | -6/Extension | Build established: Commander-Tank 22544 | -6/Extension | Spotted B-75 Beast 22560 | -6/Extension | Allies destroyed B-75 Beast 22564 | -6/Extension | Spotted B-75 Beast 22574 | -6/Extension | Allies destroyed B-75 Beast 22698 | -6/Extension | Energy Cycler disabled 22699 | -6/Extension | Rescued a captive Derelict 22699 | -6/Extension | Rescued a captive Derelict 22699 | -6/Extension | Rescued a captive Derelict 22699 | -6/Extension | Rescued a captive Derelict 22699 | -6/Extension | Rescued a captive Derelict 22701 | -6/Extension | Rescued a captive Derelict 22703 | -6/Extension | Rescued a captive Derelict 22703 | -6/Extension | Rescued a captive Derelict 22706 | -6/Extension | Rescued a captive Derelict 22712 | -6/Extension | Rescued a captive Derelict 22729 | -6/Extension | Lost 5 allies 22878 | -6/Extension | Build established: Scavenger-Tank 22978 | -6/Extension | Disrupted transfer network 23068 | -6/Extension | Discovered exit to Factory (range 10) 23069 | -6/Extension | Discovered new exit (range 6) 23134 | -6/Extension | Entered Cetus 23134 | -6/Cetus | Accompanied by 7 allies (A7) 23139 | -6/Cetus | Acquired a Cetus Manufacturing Module code from A7 23153 | -6/Cetus | Spotted Cetus Guard 23153 | -6/Cetus | Spotted Cetus Guard 23158 | -6/Cetus | Spotted Cetus Guard 23166 | -6/Cetus | Allies destroyed Cetus Guard 23167 | -6/Cetus | Spotted Cetus Guard 23172 | -6/Cetus | Destroyed Cetus Guard 23177 | -6/Cetus | Allies destroyed Cetus Guard 23186 | -6/Cetus | Destroyed Cetus Guard 23267 | -6/Cetus | System corruption reached 10% 23365 | -6/Cetus | Started Cetus Manufacturing Module 23381 | -6/Cetus | Escorted A7 to Cetus Mainframe 23390 | -6/Cetus | Manufactured an Enhanced Grunt 23415 | -6/Cetus | Manufactured an Enhanced Grunt 23417 | -6/Cetus | Discovered new exit (range 15) 23440 | -6/Cetus | Manufactured an Enhanced Grunt 23465 | -6/Cetus | Manufactured an Enhanced Grunt 23490 | -6/Cetus | Manufactured an Enhanced Grunt 23568 | -6/Cetus | Spotted Cetus Guard 23568 | -6/Cetus | Spotted Cetus Guard 23571 | -6/Cetus | Spotted Cetus Guard 23572 | -6/Cetus | Spotted Cetus Guard 23582 | -6/Cetus | Destroyed Cetus Guard 23586 | -6/Cetus | Allies destroyed Cetus Guard 23592 | -6/Cetus | Destroyed Cetus Guard 23594 | -6/Cetus | Allies destroyed Cetus Guard 23621 | -6/Cetus | Discovered exit to Factory (range 16) 23628 | -6/Cetus | Met Revision 17 23749 | -6/Cetus | Murdered A7 23753 | -6/Cetus | Extracted ID and sensor layout for unrecognized location from A7's data core 23778 | -6/Cetus | Entered Archives 23778 | -6/Archives | Accompanied by 8 allies 23855 | -6/Archives | Lost 3 allies 23879 | -6/Archives | Discovered new exit (range 16) 23923 | -6/Archives | Found Prototype Device 23923 | -6/Archives | Identified Exp. Thermal Shield 24174 | -6/Archives | Discovered exit to Factory (range 14) 24359 | -6/Archives | Discovered new exit (range 13) 24399 | -6/Archives | Unable to access archive contents 24411 | -6/Archives | Unable to access archive contents 24425 | -6/Archives | Unable to access archive contents 24468 | -6/Archives | Entered Hub_04(d) 24468 | -6/Hub_04(d) | Accompanied by 4 allies 24699 | -6/Hub_04(d) | Core integrity fell below 20% 24796 | -6/Hub_04(d) | Build established: Scavenger-Gunner 24818 | -6/Hub_04(d) | Network Hub disabled 24896 | -6/Hub_04(d) | Network Hub disabled 24896 | -6/Hub_04(d) | Spotted Lightning 24896 | -6/Hub_04(d) | Spotted Lightning 24899 | -6/Hub_04(d) | Spotted Lightning 24922 | -6/Hub_04(d) | Destroyed by G-50 Soldier with Heavy Laser Last Messages --------------- (+10). 24900_ EMDS Slug penetrates Wall. 24901_ System corrupted: Centrium Medium Armor Plating rejected. 24901_ EMDS Slug penetrates Wall. 24902_ Acquired Centrium Medium Armor Plating. 24902_ EMDS Slug penetrates Wall. 24902_ Penetrated by EMDS Slug. 24902_ Adv. Variable Charge Gun destroyed. 24903_ Wall collapses. 24903_ Penetrated by EMDS Slug. 24903_ Acquired 19 matter. 24906_ Kicked G-50 Soldier out of the way. 24906_ Penetrated by EMDS Slug. 24906_ Imp. Titanium Leg destroyed. 24907_ EMDS Slug penetrates Wall. 24908_ Acquired Carbon-fiber Leg. 24910_ Acquired 3 matter. 24912_ G-50 Soldier IFF system glitched. 24916_ System corrupted: Heat flow error (+264). Map ----- +----------------------------------------------------+ | ??